 Dungeon Crawl Stone Soup version 0.23.0 (webtiles) character file.

Game seed: 11571202862892976923

252 tidbits the Charmwright (level 6, 0/75 HPs)
             Began as a Gnoll Skald on Feb 11, 2019.
             Slain by a sky beast (7 damage)
             ... on level 5 of the Dungeon.
             The game lasted 00:05:17 (572 turns).

tidbits the Charmwright (Gnoll Skald)                Turns: 572, Time: 00:05:18

Health: 0/75       AC: 23    Str: 15 (18) XL:     6   Next: 13%
Magic:  8/13       EV:  2    Int: 17 (18) God:
Gold:   48         SH:  0    Dex: 11 (14) Spells: 4/15 levels left

rFire    . . .     SeeInvis .   f - +2 hand axe (chop)
rCold    . . .     Gourm    .   (no shield)
rNeg     + + +     Faith    .   (armour currently unavailable)
rPois    +         Spirit   .   (helmet currently unavailable)
rElec    .         Reflect  .   (cloak currently unavailable)
rCorr    .         Harm     +   (gloves currently unavailable)
MR       .....     NoTele   +   (boots currently unavailable)
Stlth    ++........             n - amulet of harm
HPRegen  0.22/turn              (no ring)
MPRegen  0.13/turn              (no ring)

@: mighty, tree-form
A: distributed training, strong nose
a: no special abilities


You were on level 5 of the Dungeon.
You were full.
You were a tree.
You visited 1 branch of the dungeon, and saw 5 of its levels.

You collected 48 gold pieces.

Inventory:

Hand Weapons
 a - a +0 spear
 f - a +2 hand axe of chopping (weapon)
   (You found it on level 1 of the Dungeon)
 g - a +0 short sword of electrocution
   (You took it off a kobold on level 2 of the Dungeon)
Armour
 b - a +0 leather armour (melded)
 m - a +0 ring mail
Jewellery
 n - an amulet of harm (around neck)
   (You found it on level 4 of the Dungeon)
Scrolls
 i - a scroll of enchant weapon {unknown}
 k - 3 scrolls of identify {unknown}
 o - a scroll of fog {unknown}
 r - 2 scrolls of remove curse
Potions
 c - a potion of curing
 l - a potion of degeneration {!q}
Comestibles
 d - 5 rations


   Skills:
 + Level 4.9 Fighting
 + Level 1.8 Short Blades
 + Level 1.8 Long Blades
 + Level 1.8 Axes
 + Level 1.8 Maces & Flails
 + Level 4.9 Polearms
 + Level 1.8 Staves
 + Level 1.8 Slings
 + Level 1.8 Bows
 + Level 1.8 Crossbows
 + Level 1.8 Throwing
 + Level 3.1 Armour
 + Level 4.9 Dodging
 + Level 1.8 Stealth
 + Level 1.8 Shields
 + Level 1.8 Unarmed Combat
 + Level 5.3 Spellcasting
 + Level 1.4 Conjurations
 + Level 1.4 Hexes
 + Level 5.6 Charms
 + Level 1.4 Summonings
 + Level 1.4 Necromancy
 + Level 1.4 Translocations
 + Level 1.4 Transmutations
 + Level 1.4 Fire Magic
 + Level 1.4 Ice Magic
 + Level 1.4 Air Magic
 + Level 1.4 Earth Magic
 + Level 1.4 Poison Magic
 + Level 2.0 Invocations
 + Level 1.8 Evocations


You had 4 spell levels left.
You knew the following spells:

 Your Spells              Type           Power        Failure   Level  Hunger
g - Shroud of Golubria    Chrm/Tloc      ###.......   4%          2    #......
i - Infusion              Chrm           ###.         1%          1    None
r - Regeneration          Chrm/Necr      ###.......   10%         3    ##.....
w - Spectral Weapon       Hex/Chrm       ###.....     10%         3    ##.....
y - Song of Slaying       Chrm           ###.....     1%          2    #......

Your spell library contained the following spells:

 Spells                   Type           Power        Failure   Level  Hunger


Dungeon Overview and Level Annotations

Branches:
Dungeon (5/15)
 Temple: D:4-7

Altars:
Ashenzari
Qazlal


Innate Abilities, Weirdness & Mutations

Your experience applies equally to all skills.
((You have very sharp teeth.))
Your uncanny sense of smell can sniff out nearby items.


Message History

The phantom hits you but does no damage.
You hit the phantom.
The phantom is heavily damaged.
Your spectral weapon hits the phantom but does no damage.
The phantom misses you.
You completely miss the phantom.
The phantom is heavily damaged.
Your spectral weapon hits the phantom but does no damage.
The phantom barely misses you.
You barely miss the phantom.
The phantom is heavily damaged.
Your spectral weapon hits the phantom.
The phantom hits your spectral weapon but does no damage.
You hit the phantom.
The phantom is severely damaged.
Your spectral weapon hits the phantom but does no damage.
The phantom hits your spectral weapon!
Your spectral weapon shares its damage with you!
You hit the phantom.
The phantom is almost destroyed.
Your spectral weapon hits the phantom.
You destroy the phantom!
Your Invocations skill increases to level 2!
You have reached level 6!
Your experience leads to an increase in your attributes!
Increase (S)trength, (I)ntelligence, or (D)exterity?
You feel clever.
Unknown command.
Unknown command.
Found a jewelled silver wand.
A sky beast comes into view.
Found a ration and 14 gold pieces.
Wield which item (- for none, * to show all)? (? for menu, Esc to quit)
Your +0 short sword of electrocution stops crackling.
Your spectral weapon disappears as you unwield.
f - a +2 hand axe of chopping (weapon)
Casting: Spectral Weapon (safe; 12% risk of failure)
Confirm with . or Enter, or press ? or * to list all spells.
You draw out your weapon's spirit!
Unknown command.
Found 2 scrolls labeled HAPIKU FOOLE.
A shadow imp comes into view.
The shadow imp shouts, "Remove thy stench, thou weedy onion-eyed reprobate!"
Unknown command.
You barely miss the sky beast.
Your spectral weapon hits the sky beast.
The sky beast hits you but does no damage.
You hit the sky beast but do no damage.
You bite the sky beast, but do no damage.
The sky beast is lightly wounded.
Your spectral weapon hits the sky beast.
The sky beast flickers out of sight!
Something hits you. Something shocks you.
Something hits your spectral weapon but does no damage.
The shadow imp gestures at you. Pain shoots through your body!
* * * LOW HITPOINT WARNING * * *
Unknown command.
Something hits you.
* * * LOW HITPOINT WARNING * * *
Something shocks you.
* * * LOW HITPOINT WARNING * * *
The shadow imp barely misses you.
You hit the shadow imp.
The shadow imp is severely wounded.
You completely miss something.
Your spectral weapon barely misses the shadow imp.
Your spectral weapon closely misses something.
Something barely misses you. The shadow imp hits you.
* * * LOW HITPOINT WARNING * * *
It was a potion of lignification.
You turn into a tree.
Your +0 leather armour melds into your body.
Your roots penetrate the ground.
Something hits you but does no damage.
The shadow imp hits you but does no damage.
It was a potion of curing.
You feel better. Something hits you but does no damage.
The shadow imp hits you but does no damage.
You closely miss the shadow imp.
The shadow imp is severely wounded.
You miss something.
Your spectral weapon hits the shadow imp.
You kill the shadow imp!
Something hits you but does no damage. x2
You barely miss something. Something hits you.
* * * LOW HITPOINT WARNING * * *
Something shocks you.
* * * LOW HITPOINT WARNING * * *
It was a potion of degeneration.
There was something very wrong with that liquid.
You feel weakened.
You feel dopey.
You feel clumsy. Something hits you but does no damage.
It was a potion of might.
You feel very mighty all of a sudden. Something hits you but does no damage.
You miss something.
A sky beast appears from thin air!
The sky beast hits you.
* * * LOW HITPOINT WARNING * * *
The sky beast shocks you.
You die...

##.####.....##.####
..................#
∆
##.###########.##.#
#.# #.# .# #.#
#.##.#####. #...
..####......%...
....
#...............
#..##
######...Y...###
#.## #..♣....# #.
#..(....#
#.../......
#......$###
#.?.....# #.#
#.......# #.#
###.##### #$# #.#
#.#


You could see a sky beast and a friendly spectral +2 hand axe of chopping.

Vanquished Creatures
  2 phantoms
  A quasit (D:5)
  A hound (D:5)
  A shadow imp (D:5)
  A dart slug (D:1)
  A leopard gecko (D:2)
  2 orcs (D:4)
  2 jackals (D:5)
  4 kobolds
  A bat (D:2)
  A jackal skeleton (D:5)
  2 rats
19 creatures vanquished.

Notes
Turn   | Place    | Note
-------+----------+-------------------------------------------
     0 | D:1      | tidbits the Gnoll Skald began the quest for the Orb.
     0 | D:1      | Reached XP level 1. HP: 20/20 MP: 6/6
   149 | D:2      | Reached XP level 2. HP: 21/26 MP: 3/7
   250 | D:4      | Found a stormy altar of Qazlal.
   250 | D:4      | Found a shattered altar of Ashenzari.
   277 | D:5      | Entered Level 5 of the Dungeon
   295 | D:4      | Noticed a phantom
   319 | D:4      | Killed a phantom
   319 | D:4      | Reached skill level 1 in Short Blades
   319 | D:4      | Reached skill level 1 in Long Blades
   319 | D:4      | Reached skill level 1 in Axes
   319 | D:4      | Reached skill level 1 in Maces & Flails
   319 | D:4      | Reached skill level 1 in Staves
   319 | D:4      | Reached skill level 1 in Slings
   319 | D:4      | Reached skill level 1 in Bows
   319 | D:4      | Reached skill level 1 in Crossbows
   319 | D:4      | Reached skill level 1 in Throwing
   319 | D:4      | Reached skill level 1 in Stealth
   319 | D:4      | Reached skill level 1 in Shields
   319 | D:4      | Reached skill level 1 in Unarmed Combat
   319 | D:4      | Reached skill level 5 in Spellcasting
   319 | D:4      | Reached skill level 1 in Conjurations
   319 | D:4      | Reached skill level 1 in Hexes
   319 | D:4      | Reached skill level 1 in Summonings
   319 | D:4      | Reached skill level 1 in Necromancy
   319 | D:4      | Reached skill level 1 in Translocations
   319 | D:4      | Reached skill level 1 in Transmutations
   319 | D:4      | Reached skill level 1 in Fire Magic
   319 | D:4      | Reached skill level 1 in Ice Magic
   319 | D:4      | Reached skill level 1 in Air Magic
   319 | D:4      | Reached skill level 1 in Earth Magic
   319 | D:4      | Reached skill level 1 in Poison Magic
   319 | D:4      | Reached skill level 1 in Invocations
   319 | D:4      | Reached skill level 1 in Evocations
   319 | D:4      | Reached XP level 3. HP: 26/31 MP: 3/9
   319 | D:4      | Reached XP level 4. HP: 33/38 MP: 3/11
   323 | D:4      | Learned a level 2 spell: Song of Slaying
   326 | D:4      | Learned a level 2 spell: Shroud of Golubria
   330 | D:4      | Learned a level 3 spell: Regeneration
   334 | D:4      | Learned a level 3 spell: Spectral Weapon
   499 | D:5      | Reached XP level 5. HP: 43/43 MP: 9/12
   524 | D:5      | Noticed a phantom
   527 | D:5      | Reached skill level 3 in Armour
   550 | D:5      | Killed a phantom
   550 | D:5      | Reached skill level 2 in Invocations
   550 | D:5      | Reached XP level 6. HP: 38/50 MP: 8/13
   556 | D:5      | Noticed a sky beast
   564 | D:5      | HP: 8/50 [something (7)]
   569 | D:5      | HP: 15/75 [something (2)]
   572 | D:5      | HP: 7/75 [sky beast (3)]
   572 | D:5      | Slain by a sky beast

Skill      XL: |  1  2  3  4  5 |
---------------+----------------+-----
Short Blades   | 1 |  1.8
Long Blades    | 1 |  1.8
Axes           | 1 |  1.8
Maces & Flails | 1 |  1.8
Staves         | 1 |  1.8
Slings         | 1 |  1.8
Bows           | 1 |  1.8
Crossbows      | 1 |  1.8
Throwing       | 1 |  1.8
Stealth        | 1 |  1.8
Shields        | 1 |  1.8
Unarmed Combat | 1 |  1.8
Spellcasting   | 5 |  5.3
Conjurations   | 1 |  1.4
Hexes          | 1 |  1.4
Summonings     | 1 |  1.4
Necromancy     | 1 |  1.4
Translocations | 1 |  1.4
Transmutations | 1 |  1.4
Fire Magic     | 1 |  1.4
Ice Magic      | 1 |  1.4
Air Magic      | 1 |  1.4
Earth Magic    | 1 |  1.4
Poison Magic   | 1 |  1.4
Invocations    | 1 2 |  2.0
Evocations     | 1 |  1.8
Armour         | 3 |  3.1
Fighting       | |  4.9
Polearms       | |  4.9
Dodging        | |  4.9
Charms         | |  5.6

Action                   |  1- 3 |  4- 6 || total
-------------------------+-------+-------++-------
Melee: Spear             |     6 |       ||     6
       Bite              |     3 |     4 ||     7
       Hand axe          |     2 |     6 ||     8
       Short sword       |    13 |    25 ||    38
 Cast: Infusion          |     7 |       ||     7
       Spectral Weapon   |       |     6 ||     6
       Shroud of Golubri |       |     2 ||     2
  Use: Scroll            |       |     1 ||     1
       Potion            |       |     4 ||     4
  Eat: Ration            |     1 |       ||     1
Armor: Leather armour    |     2 |     4 ||     6
       Skin              |       |     8 ||     8
Dodge: Dodged            |     9 |    20 ||    29

Table legend:
 A = Turns spent in this place as a percentage of turns spent in the entire game.
 B = Non-inter-level travel turns spent in this place as a percentage of non-inter-level travel turns spent in the entire game.
 C = Inter-level travel turns spent in this place as a percentage of turns spent in this place.
 D = Turns resting spent in this place as a percentage of non-inter-level travel turns spent in this place.
 E = Turns spent auto-exploring this place as a percentage of non-inter-level travel turns spent in this place.
 F = Non-inter-level travel turns spent in this place divided by the number of levels of this place that you've seen.
                   A       B       C       D       E      F
               +-------+-------+-------+-------+-------+----------------------
         Total | 100.0 | 100.0 |   0.0 |   0.0 |   0.0 | 114.4
       Dungeon | 100.0 | 100.0 |   0.0 |   0.0 |   0.0 | 114.4
               +-------+-------+-------+-------+-------+----------------------

Table legend:
 A = Kills in this place as a percentage of kills in entire the game.
 B = Kills by you in this place as a percentage of kills by you in the entire game.
 C = Kills by friends in this place as a percentage of kills by friends in the entire game.
 D = Other kills in this place as a percentage of other kills in the entire game.
 E = Experience gained in this place as a percentage of experience gained in the entire game.
 F = Experience gained in this place divided by the number of levels of this place that you have seen.
                   A       B       C       D       E      F
               +-------+-------+-------+-------+-------+----------------------
         Total | 100.0 | 100.0 |   N/A |   N/A | 100.0 |  72.0
       Dungeon | 100.0 | 100.0 |   N/A |   N/A | 100.0 |  72.0
               +-------+-------+-------+-------+-------+----------------------

Levels and vault maps discovered:
D:1:      dpeg_arrival_rooms_a, layout_basic
D:2:      layout_loops_corners
D:3:      layout_basic, zin_angel, uniq_grinder
D:4:      layout_rooms, kennysheep_okawaru_gauntlet, makhleb_heckhound_becter,
          gammafunk_temple_overflow_statue, first_ration, hex_large,
          kennysheep_decorative_pillar
D:5:      layout_loops_ring, marbit_many_paths
